 Dungeon Crawl Stone Soup version 0.27-a0-67-g4bfc8a49e1 (webtiles) character file.

Game seed: 7402679959596515846

2198 Life0 the Basher (level 9, -4/74 HPs)
             Began as a Minotaur Berserker on Jan 9, 2021.
             Was an Elder of Trog.
             Slain by a killer bee (5 damage)
             ... on level 8 of the Dungeon.
             The game lasted 00:09:28 (8031 turns).

Life0 the Basher (Minotaur Berserker)               Turns: 8031, Time: 00:09:29

Health: -4/74      AC:  9    Str: 24    XL:     9   Next: 12%
Magic:  8/8        EV: 10    Int:  4    God:    Trog [****..]
Gold:   278        SH:  0    Dex: 11    Spells: 8/8 levels left

rFire    . . .     SeeInvis .   t - +2 whip (elec)
rCold    . . .     Faith    .   (no shield)
rNeg     . . .     Spirit   .   u - +0 chain mail
rPois    .         Reflect  .   (helmet restricted)
rElec    .         Harm     .   (no cloak)
rCorr    .         Rampage  .   (no gloves)
Will     .....                  (no boots)
Stlth    ..........             (no amulet)
HPRegen  0.22/turn              (no ring)
MPRegen  0.11/turn              (no ring)

@: about to teleport, marked, berserk cooldown, slowed, very slow
A: retaliatory headbutt, horns 2
a: Renounce Religion, Berserk, Trog's Hand, Brothers in Arms


You were on level 8 of the Dungeon.
You worshipped Trog.
Trog was greatly pleased with you.
You visited 1 branch of the dungeon, and saw 8 of its levels.

You collected 278 gold pieces.

Inventory:

Hand Weapons
 t - a +2 whip of electrocution (weapon)
Armour
 j - a +1 tower shield
 u - a +0 chain mail (worn)
Jewellery
 a - a +6 ring of dexterity {unknown}
 l - an uncursed amulet of faith
Scrolls
 b - 3 scrolls of identify
 f - 2 scrolls of teleportation
 g - 3 scrolls of remove curse
Potions
 c - a potion of attraction {unknown}
 d - a potion of might {unknown}
 e - 2 potions of brilliance {unknown}
 n - 7 potions of curing
 p - a potion of resistance {unknown}
 r - a potion of degeneration {unknown}
 w - 2 potions of flight {unknown}
 z - a potion of haste
 A - 2 potions of magic {unknown}


   Skills:
 + Level 5.6 Fighting
 - Level 12.0 Maces & Flails
 + Level 4.8 Armour
 + Level 4.4 Dodging
 + Level 4.0 Shields


You had 8 spell levels left.
You didn't know any spells.
Your spell library was empty.

Dungeon Overview and Level Annotations

Branches:
Dungeon (8/15)             Temple (0/1) D:6
   Lair: D:8-11

Altars:
Ashenzari
Cheibriados
Fedhas
Kikubaaqudgha
Makhleb
Okawaru
Qazlal
Trog
Uskayaw
Xom
The Shining One

Shops:
D:6 (

Annotations:
D:6 1 runed translucent door, Borgoz's ghost, novice GrGl


Innate Abilities, Weirdness & Mutations

You reflexively headbutt those who attack you in melee.
You have a pair of horns on your head.


Message History

You climb downwards.
A water moccasin, 4 killer bees and 3 wights come into view.
A wight is wielding a +1 spear of freezing.
The killer bee buzzes angrily. x2; You hear an angry buzzing noise.
There is a stone staircase leading up here.
As you read the scroll of teleportation, it crumbles to dust.
You feel strangely unstable.
A killer bee comes into view.
The wraith hits you!
* * * LOW HITPOINT WARNING * * *
The wraith drains your vigour!
You feel as though you will be slow longer.
The wight hits you but does no damage. The wraith hits you but does no damage.
The killer bee stings you.
* * * LOW HITPOINT WARNING * * *
The killer bee barely misses you. The wight hits you but does no damage.
The wight hits you with a +0 hand axe.
* * * LOW HITPOINT WARNING * * *
The killer bee stings you.
You die...

########.......
...............
.............#
.............#
.............#
.........z...+
....y.yzW....##
....yyy@.S.....
........z..#.#.
.........###
....#..... ###
#..#### #.. #..
#..


You could see a wraith, a water moccasin, 5 killer bees and 3 wights.

Vanquished Creatures
  Harold (D:7)
  An orc warrior (D:7)
  A black bear (D:7)
  A phantom (D:7)
  2 ogres
  2 centaurs
  2 scorpions
  2 vampire bats (D:6)
  2 howler monkeys
  3 hounds
  4 jellies
  A bullfrog skeleton (D:3)
  An orc wizard (D:5)
  2 iguanas
  3 worker ants
  8 gnolls
  A howler monkey skeleton (D:5)
  6 adders
  A shadow imp (D:7)
  A white imp (D:4)
  An ufetubus (D:6)
  An ooze (D:5)
  An adder zombie (D:2)
  A worm (D:5)
  4 dart slugs
  6 leopard geckos
  18 orcs
  10 bats
  4 bat skeletons (D:6)
  A bat zombie (D:6)
  5 giant cockroaches
  7 hobgoblins
  8 jackals
  A ball python (D:5)
  4 frilled lizards
  6 goblins
  A jackal skeleton (D:4)
  6 kobolds
  A quokka skeleton (D:5)
  A quokka zombie (D:5)
  7 rats
139 creatures vanquished.

Vanquished Creatures (others)
  A plant (D:3)
  2 withered plants (D:6)
3 creatures vanquished.

Grand Total: 142 creatures vanquished

Notes
Turn   | Place    | Note
-------+----------+-------------------------------------------
     0 | D:1      | Life0 the Minotaur Berserker began the quest for the Orb.
     0 | D:1      | Reached XP level 1. HP: 19/19 MP: 0/0
    22 | D:1      | Reached skill level 4 in Maces & Flails
   195 | D:1      | Reached XP level 2. HP: 26/26 MP: 1/1
   513 | D:1      | Reached skill level 5 in Maces & Flails
   921 | D:1      | Reached XP level 3. HP: 31/31 MP: 2/2
   926 | D:1      | Reached ** piety under Trog
  1396 | D:2      | Reached skill level 6 in Maces & Flails
  1396 | D:2      | Reached XP level 4. HP: 32/39 MP: 3/3
  2016 | D:2      | Reached XP level 5. HP: 45/45 MP: 4/4
  2038 | D:2      | Reached skill level 7 in Maces & Flails
  3372 | D:3      | Found a hide-covered altar of Uskayaw.
  3445 | D:3      | Found a blossoming altar of Fedhas.
  4409 | D:4      | Noticed an ogre
  4417 | D:4      | Killed an ogre
  4418 | D:4      | Reached skill level 8 in Maces & Flails
  4418 | D:4      | Reached XP level 6. HP: 51/51 MP: 5/5
  4647 | D:4      | Found a glowing golden altar of the Shining One.
  4674 | D:4      | Reached skill level 9 in Maces & Flails
  4985 | D:4      | Found a burning altar of Makhleb.
  5449 | D:5      | Entered Level 5 of the Dungeon
  5449 | D:5      | Found a stormy altar of Qazlal.
  5460 | D:5      | Found a broken altar of Ashenzari.
  5529 | D:5      | Found a snail-covered altar of Cheibriados.
  5576 | D:5      | Found a bloodstained altar of Trog.
  5751 | D:5      | Reached XP level 7. HP: 57/57 MP: 6/6
  6087 | D:5      | Reached skill level 10 in Maces & Flails
  6094 | D:5      | Found an iron altar of Okawaru.
  6096 | D:5      | Reached *** piety under Trog
  6462 | D:6      | Found an iron altar of Okawaru.
  7015 | D:6      | Reached skill level 11 in Maces & Flails
  7156 | D:6      | Found an ancient bone altar of Kikubaaqudgha.
  7173 | D:6      | Reached XP level 8. HP: 63/64 MP: 7/7
  7241 | D:6      | Found a runed translucent door.
  7241 | D:6      | Found a shimmering altar of Xom.
  7242 | D:6      | Found a shimmering altar of Xom.
  7242 | D:6      | Found a shimmering altar of Xom.
  7243 | D:6      | Found a shimmering altar of Xom.
  7244 | D:6      | Found a shimmering altar of Xom.
  7244 | D:6      | Found a shimmering altar of Xom.
  7291 | D:6      | Found Weuboggeco's Antique Weapon Boutique.
  7417 | D:6      | Found a staircase to the Ecumenical Temple.
  7495 | D:6      | Noticed Borgoz's ghost (novice GrGl)
  7829 | D:7      | Reached skill level 12 in Maces & Flails
  7921 | D:7      | Reached skill level 1 in Shields
  7979 | D:7      | Noticed Harold
  7997 | D:7      | Killed Harold
  7998 | D:7      | Reached skill level 5 in Fighting
  7998 | D:7      | Reached XP level 9. HP: 74/74 MP: 8/8
  8000 | D:7      | Reached **** piety under Trog
  8031 | D:8      | HP: 1/74 [wight/+0 hand axe (4)]
  8031 | D:8      | Slain by a killer bee

Illustrated notes

Levels and vault maps discovered:
D:1:      onia_arrival_pentagram, layout_basic, minmay_misc_feat_doors,
          minmay_misc_feat_rugged, grunt_decor_one_mirror
D:2:      layout_basic, hex_medium, minmay_hexomino_p4
D:3:      layout_loops_ring, eat_drink_and_be_merry_uskayaw, fedhas_altar_1
D:4:      layout_basic, lemuel_round_altar, old_standard_altar,
          minmay_small_thing
D:5:      layout_loops_cross, okawaru_gym_becter, lemuel_round_altar,
          nicolae_ashenzari_panopticon, basic_altar, cheibriados_altar_1
D:6:      minmay_evil_eye, layout_basic, xom_redecorated,
          kennysheep_vampire_church, temple_hall, basic_altar,
          gammafunk_ghost_grave, serial_shops, nicolae_shop_overgrown_old_shop
D:7:      layout_basic, gammafunk_temple_overflow_elements,
          minmay_manual_monstrance, uniq_harold, uniq_pikel, uniq_maggie
D:8:      layout_basic, marbit_many_paths, old_standard_altar, lair_entry_dummy,
          serial_shops, nicolae_shop_statue_plus, uniq_gastronok, uniq_grum

Skill      XL: |  1  2  3  4  5  6  7  8  9 |
---------------+----------------------------+-----
Maces & Flails | 4 5 6 8 9 11 12 | 12.0
Fighting       | 5 |  5.6
Shields        | 3 4 |  4.0
Armour         | 4 |  4.8
Dodging        | 4 |  4.4

Action                   |  1- 3 |  4- 6 |  7- 9 || total
-------------------------+-------+-------+-------++-------
Melee: Mace              |    66 |   103 |    12 ||   181
       Headbutt          |    11 |    20 |    24 ||    55
       Whip              |       |       |   125 ||   125
Invok: Berserk           |     2 |     3 |     4 ||     9
  Use: Scroll            |       |       |    13 ||    13
 Stab: Sleeping          |       |     1 |       ||     1
Armor: Animal skin       |    24 |     5 |       ||    29
       Chain mail        |       |    25 |    42 ||    67
Dodge: Dodged            |    68 |    53 |    37 ||   158

Table legend: (Time is in decaauts)
 A = Elapsed time spent in this place.
 B = Non-inter-level travel time spent in this place.
 C = Inter-level travel time spent in this place.
 D = Time resting spent in this place.
 E = Time spent auto-exploring this place.
 F = Levels seen in this place.
 G = Mean time per level.
                   A        B        C        D        E       F      G
               +--------+--------+--------+--------+--------+-----+--------+
         Total |   8058 |   7885 |    173 |   2430 |   4600 |   8 | 1007.2 |
       Dungeon |   8058 |   7885 |    173 |   2430 |   4600 |   8 | 1007.2 |
               +--------+--------+--------+--------+--------+-----+--------+

Top non-repeatable levels by time:
     D:2: 1726 daAuts
     D:3: 1346 daAuts
     D:6: 1332 daAuts
     D:1: 1287 daAuts
     D:4: 1132 daAuts
     D:5: 1014 daAuts
     D:7: 216 daAuts
     D:8: 2 daAuts
